Unix NetHack Version 5.0.0-0 post-release - last build Jun 10 2026 00:39:30 (3ee93aec679c4c4259841fe613dc97188e26a321,branch:main).

Game began 2026-06-28 14:27:12, ended 2026-06-28 14:32:11.

A4Paper, chaotic female elven Wizard

  ------------
  |..........|
  |.SfS......-
  |.S@.......|
  ------|-----
       ##
       #
     ###
     #
     #
    ##
  --.------
  |.......|
  |.......|
  |....<..|
  |.......|
  ---------

A4Paper the Conjurer      St:11 Dx:11 Co:15 In:20 Wi:12 Ch:9  Chaotic S:272
Dlvl:2  $:26 HP:0(20) Pw:23(33) AC:9  Xp:3/49 T:461  Satiated

Latest messages:
 You swap places with Bluey.
 You hear someone counting gold coins.
 The door opens.
 You see here a bubbly potion.
 w - a bubbly potion.
 You see here 7 gold pieces.
 $ - 7 gold pieces (26 in total).
 What do you want to wield? [- a or ?*]
 u - a spellbook of magic missile (wielded).
 What do you want to wield? [- a or ?*]
 a - a blessed +1 quarterstaff (weapon in hands).
 Drink from the fountain? [yn] (n)
 You see an image of someone stalking you.
 But it disappears.
 Drink from the fountain? [yn] (n)
 What do you want to drink? [fghpw or ?*]
 No count allowed with this command.
 What do you want to drink? [fghpw or ?*]
 No count allowed with this command.
 What do you want to drink? [fghpw or ?*]
 No count allowed with this command.
 What do you want to drink? [fghpw or ?*]
 No count allowed with this command.
 What do you want to drink? [fghpw or ?*]
 Never mind.
 You swap places with Bluey.
 Drink from the fountain? [yn] (n)
 This tepid water is tasteless.
 Drink from the fountain? [yn] (n)
 The cool draught refreshes you.
 Drink from the fountain? [yn] (n)
 An endless stream of snakes pours forth!
 The fountain dries up!
 Bluey misses the water moccasin.
 In what direction?
 The spell hits the water moccasin!
 You kill the water moccasin!
 Welcome to experience level 3.
 The water moccasin bites!
 The water moccasin bites!
 The water moccasin bites!
 Bluey misses the water moccasin.
 Bluey bites the water moccasin.
 The water moccasin misses Bluey.
 In what direction?
 The spell hits the water moccasin!
 The water moccasin bites!
 The water moccasin bites!
 You die...
 Do you want your possessions identified? [ynq] (y)

Inventory:
 Coins    ('$')
  $ - 26 gold pieces
 Amulets  ('"')
  r - an uncursed amulet of life saving
 Weapons  (')')
  a - a blessed +1 quarterstaff (weapon in hands)
 Armor    ('[')
  q - a cursed -2 pair of speed boots
  b - a blessed +0 cloak of magic resistance (being worn)
 Comestibles  ('%')
  s - an uncursed tin of spinach
  v - an uncursed egg
 Scrolls  ('?')
  k - an uncursed scroll of create monster
  i - an uncursed scroll of earth
 Spellbooks  ('+')
  l - a blessed spellbook of force bolt
  m - an uncursed spellbook of healing
  u - an uncursed spellbook of magic missile
 Potions  ('!')
  h - an uncursed potion of fruit juice
  p - a cursed potion of gain energy
  w - an uncursed potion of invisibility
  g - an uncursed potion of object detection
  f - an uncursed potion of water
 Rings    ('=')
  d - an uncursed ring of poison resistance (on right hand)
  e - an uncursed ring of slow digestion (on left hand)
 Wands    ('/')
  t - a wand of lightning (0:8)
  c - a wand of probing (0:4)
 Tools    ('(')
  o - an uncursed leather drum
  n - a magic marker (0:19)

A4Paper the Wizard's attributes:

Background:
 You were a Conjurer, a level 3 female elven Wizard.
 You were chaotic, on a mission for Anhur
 who was opposed by Ptah (lawful) and Thoth (neutral).
 You were right-handed.
 You were in the Dungeons of Doom, on level 2.
 You entered the dungeon 461 turns ago.
 You had 49 experience points, 31 more were needed to attain level 4.
 Your score was 272 before end-of-game adjustments.

Basics:
 You had 0 out of 20 hit points.
 You had 23 out of 33 energy points (spell power).
 Your armor class was 9.
 Your wallet contained 26 zorkmids.
 Autopickup was off.

Final Characteristics:
 Your strength was 11 (limit:18).
 Your dexterity was 11 (limit:18).
 Your constitution was 15 (limit:16).
 Your intelligence was 20 (limit:20).
 Your wisdom was 12 (limit:20).
 Your charisma was 9 (limit:18).

Final Status:
 You were satiated.
 You were unencumbered.
 You were wielding a quarterstaff.
 You had basic skill with quarterstaff.

Final Attributes:
 You were fervently aligned.
 You were magic-protected.
 You were poison resistant.
 You saw invisible.
 You had infravision.
 You had slower digestion.
 You were warded.
 You are dead.

Miscellaneous:
 You didn't encounter any bones levels.
 Total elapsed playing time was 4 minutes and 58 seconds.

Major events:
 Turn
    1: A4Paper the chaotic female elven Wizard entered the dungeon
  460: attained the rank of Conjurer (level 3)
  461: killed by a water moccasin

Spells:
 Name                 Level Category     Fail Retention
 force bolt             1   attack         0%  91%-100%
 healing                1   healing        0%  76%-100%
 magic missile          2   attack         0%  91%-100%

Skills:
 Fighting Skills
   bare handed combat [Unskilled]
   riding             [Unskilled]
 Weapon Skills
   dagger             [Unskilled]
   knife              [Unskilled]
   axe                [Unskilled]
   short sword        [Unskilled]
   club               [Unskilled]
   mace               [Unskilled]
   quarterstaff       [Basic]
   polearms           [Unskilled]
   spear              [Unskilled]
   trident            [Unskilled]
   sling              [Unskilled]
   dart               [Unskilled]
   shuriken           [Unskilled]
 Spellcasting Skills
   attack spells      [Basic]
   healing spells     [Unskilled]
   divination spells  [Unskilled]
   enchantment spells [Basic]
   clerical spells    [Unskilled]
   escape spells      [Unskilled]
   matter spells      [Unskilled]

Voluntary challenges:
 Character rerolling was not enabled.
 You were an atheist.
 You never genocided any monsters.
 You never polymorphed an object.
 You never changed form.
 You used no wishes.
Achievement:
 You attained the rank of Conjurer.

 The Dungeons of Doom: levels 1 to 2
    Level 1:
    Level 2: <- You were here.
       Final resting place for
          you, killed by a water moccasin.


Vanquished creatures:
  a water moccasin
  a green mold
  a jackal
  2 kobolds
  3 lichens
  8 newts
16 creatures vanquished.

No species were genocided or became extinct.

Game over:
                       ----------
                      /          \
                     /    REST    \
                    /      IN      \
                   /     PEACE      \
                  /                  \
                  |     A4Paper      |
                  |      26 Au       |
                  |   killed by a    |
                  |  water moccasin  |
                  |                  |
                  |                  |
                  |       2026       |
                 *|     *  *  *      | *
        _________)/\\_//(\/(/\)/\//\/|_)_______

Goodbye A4Paper the Wizard...

You died in The Dungeons of Doom on dungeon level 2 with 270 points,
and 26 pieces of gold, after 461 moves.
You were level 3 with a maximum of 20 hit points when you died.

